TOP OF THE 1ST |
Lansing Lugnuts batting - Pitching for Mile High Broncos : RHP Fernand Picard
|
Pitching: RHP Fernand Picard
|
|
Batting: RHB David Murray
|
0-0: Called Strike 0-1: Foul Ball, location: 2F 0-2: Ball 1-2: Ball 2-2: Foul Ball, location: 2F 2-2: Foul Ball, location: 2F 2-2: Ground out 6-3 (Groundball, 6)
|
Batting: RHB Wilson Gómez
|
0-0: Called Strike 0-1: Ball 1-1: Called Strike 1-2: Foul Ball, location: 2F 1-2: Ball 2-2: Ground out 1-3 (Groundball, 15)
|
Batting: LHB Tom Mullins
|
0-0: Ball 1-0: Fly out, F8 (Flyball, 8LD)
|
Top of the 1st over - 0 run(s), 0 hit(s), 0 error(s), 0 left on base; Lansing 0 - Mile High 0 |
BOTTOM OF THE 1ST |
Mile High Broncos batting - Pitching for Lansing Lugnuts : RHP Ralph Willaims
|
Pitching: RHP Ralph Willaims
|
|
Batting: SHB Tom Stevens
|
0-0: Called Strike 0-1: Called Strike 0-2: Ball 1-2: SINGLE (Groundball, 6M)
|
Batting: SHB Paco Martínez
|
0-0: DOUBLE (Line Drive, 8LXD) Tom Stevens to third
|
Batting: LHB Tony Báez
|
0-0: Ball 1-0: Called Strike 1-1: Foul Ball, location: 2F 1-2: Ground out 4-3 (Groundball, 4) Tom Stevens scores Paco Martínez to third
|
Batting: RHB António Martínez
|
0-0: Ball 1-0: Ball 2-0: Ball 3-0: Fly out, F8 (Flyball, 8RD) Runner from 3rd tags up, SCORES, no throw
|
Batting: RHB David Moran
|
0-0: SINGLE (Groundball, 34D)
|
Batting: RHB Bo Vickers
|
0-0: Ball 1-0: Swinging Strike 1-1: Ball 2-1: Fielders Choice at 2nd, 6-4 (Groundball, 6)
|
Bottom of the 1st over - 2 run(s), 3 hit(s), 0 error(s), 0 left on base; Lansing 0 - Mile High 2 |
TOP OF THE 2ND |
Lansing Lugnuts batting - Pitching for Mile High Broncos : RHP Fernand Picard
|
Batting: RHB Billy Campbell
|
0-0: Ball 1-0: Ball 2-0: Ground out 5-3 (Groundball, 5)
|
Batting: LHB Sam Barnes
|
0-0: Ball 1-0: Foul Ball, location: 2F 1-1: Ball 2-1: Foul Ball, location: 2F 2-2: Foul Ball, location: 2F 2-2: DOUBLE (Line Drive, 4M)
|
Batting: RHB Kun Liu
|
0-0: Called Strike 0-1: Called Strike 0-2: Ball 1-2: Ball 2-2: Ground out 1-3 (Groundball, 13) Sam Barnes to third
|
Batting: RHB Sadao Kimura
|
0-0: Called Strike 0-1: Swinging Strike 0-2: Ball 1-2: Ball 2-2: Foul Ball, location: 2F 2-2: Foul Ball, location: 2F 2-2: Foul Ball, location: 2F 2-2: Strikes out swinging
|
Top of the 2nd over - 0 run(s), 1 hit(s), 0 error(s), 1 left on base; Lansing 0 - Mile High 2 |
BOTTOM OF THE 2ND |
Mile High Broncos batting - Pitching for Lansing Lugnuts : RHP Ralph Willaims
|
Batting: RHB Su-kweon Yu
|
0-0: Fly out, F8 (Flyball, 8RM)
|
Batting: LHB Pat Weaver
|
0-0: Ball 1-0: Ball 2-0: Ball 3-0: Called Strike 3-1: Base on Balls
|
Batting: RHB Francisco Medina
|
0-0: Ball 1-0: Foul Ball, location: 2F 1-1: Ball Pickoff Throw to First - Error! E1 Pat Weaver to second 2-1: Foul Ball, location: 2F 2-2: Strikes out swinging
|
Batting: SHB Tom Stevens
|
0-0: Ball 1-0: Called Strike 1-1: Foul Ball, location: 2F 1-2: Ground out 6-3 (Groundball, 6M)
|
Bottom of the 2nd over - 0 run(s), 0 hit(s), 1 error(s), 1 left on base; Lansing 0 - Mile High 2 |
TOP OF THE 3RD |
Lansing Lugnuts batting - Pitching for Mile High Broncos : RHP Fernand Picard
|
Batting: RHB Steve Garneys
|
0-0: Called Strike 0-1: Called Strike 0-2: Strikes out looking
|
Batting: LHB Alberto Medine
|
0-0: Ball 1-0: Ball 2-0: Called Strike 2-1: Ball 3-1: Foul Ball, location: 2F 3-2: Foul Ball, location: 2F 3-2: Strikes out swinging
|
Batting: RHB David Murray
|
0-0: Ball 1-0: Called Strike 1-1: Fly out, F8 (Flyball, 8LXD)
|
Top of the 3rd over - 0 run(s), 0 hit(s), 0 error(s), 0 left on base; Lansing 0 - Mile High 2 |
BOTTOM OF THE 3RD |
Mile High Broncos batting - Pitching for Lansing Lugnuts : RHP Ralph Willaims
|
Batting: SHB Paco Martínez
|
0-0: Called Strike 0-1: Foul Ball, location: 2F 0-2: Ball 1-2: Ball 2-2: Ball 3-2: Strikes out swinging
|
Batting: LHB Tony Báez
|
0-0: Foul Ball, location: 2F 0-1: Called Strike 0-2: Ball 1-2: Foul Ball, location: 2F 1-2: Strikes out looking
|
Batting: RHB António Martínez
|
0-0: Ball 1-0: Foul Ball, location: 2F 1-1: Foul Ball, location: 2F 1-2: Ball 2-2: Strikes out looking
|
Bottom of the 3rd over - 0 run(s), 0 hit(s), 0 error(s), 0 left on base; Lansing 0 - Mile High 2 |
TOP OF THE 4TH |
Lansing Lugnuts batting - Pitching for Mile High Broncos : RHP Fernand Picard
|
Batting: RHB Wilson Gómez
|
0-0: Called Strike 0-1: Swinging Strike 0-2: Ball 1-2: Ball 2-2: Ball 3-2: Ground out 2-3 (Groundball, 25)
|
Batting: LHB Tom Mullins
|
0-0: Ball 1-0: Swinging Strike 1-1: Swinging Strike 1-2: Strikes out swinging
|
Batting: RHB Billy Campbell
|
0-0: Ground out 5-3 (Groundball, 5S)
|
Top of the 4th over - 0 run(s), 0 hit(s), 0 error(s), 0 left on base; Lansing 0 - Mile High 2 |
BOTTOM OF THE 4TH |
Mile High Broncos batting - Pitching for Lansing Lugnuts : RHP Ralph Willaims
|
Batting: RHB David Moran
|
0-0: Foul Ball, location: 2F 0-1: Swinging Strike 0-2: Fly out, F9 (Line Drive, 89XD)
|
Batting: RHB Bo Vickers
|
0-0: Ground out 6-3 (Groundball, 6)
|
Batting: RHB Su-kweon Yu
|
0-0: Ball 1-0: Ground out 6-3 (Groundball, 6)
|
Bottom of the 4th over - 0 run(s), 0 hit(s), 0 error(s), 0 left on base; Lansing 0 - Mile High 2 |
TOP OF THE 5TH |
Lansing Lugnuts batting - Pitching for Mile High Broncos : RHP Fernand Picard
|
Batting: LHB Sam Barnes
|
0-0: Foul Ball, location: 2F 0-1: Swinging Strike 0-2: Ball 1-2: Ball 2-2: Strikes out swinging
|
Batting: RHB Kun Liu
|
0-0: Ground out 6-3 (Groundball, 6)
|
Batting: RHB Sadao Kimura
|
0-0: Ball 1-0: Ball 2-0: Called Strike 2-1: Ground out 4-3 (Groundball, 4)
|
Top of the 5th over - 0 run(s), 0 hit(s), 0 error(s), 0 left on base; Lansing 0 - Mile High 2 |
BOTTOM OF THE 5TH |
Mile High Broncos batting - Pitching for Lansing Lugnuts : RHP Ralph Willaims
|
Batting: LHB Pat Weaver
|
0-0: Ball 1-0: Called Strike 1-1: Ball 2-1: Ball 3-1: Called Strike 3-2: Ground out 4-3 (Groundball, 4)
|
Batting: RHB Francisco Medina
|
0-0: Ball 1-0: Ball 2-0: Fly out, F3 (Line Drive, 3)
|
Batting: SHB Tom Stevens
|
0-0: DOUBLE (Line Drive, 78M)
|
Batting: SHB Paco Martínez
|
0-0: Ball 1-0: Ground out 4-3 (Groundball, 4)
|
Bottom of the 5th over - 0 run(s), 1 hit(s), 0 error(s), 1 left on base; Lansing 0 - Mile High 2 |
TOP OF THE 6TH |
Lansing Lugnuts batting - Pitching for Mile High Broncos : RHP Fernand Picard
|
Batting: RHB Steve Garneys
|
0-0: Called Strike 0-1: Ground out 5-3 (Groundball, 56S)
|
Batting: LHB Alberto Medine
|
0-0: SOLO HOME RUN (Flyball, 7D), Distance : 370 ft
|
Batting: RHB David Murray
|
0-0: Called Strike 0-1: Foul Ball, location: 2F 0-2: Strikes out looking
|
Batting: RHB Wilson Gómez
|
0-0: Ball 1-0: Foul Ball, location: 2F 1-1: DOUBLE (Line Drive, 7LM)
|
Batting: LHB Tom Mullins
|
0-0: Ball 1-0: Ball 2-0: Ground out 6-3 (Groundball, 6)
|
Top of the 6th over - 1 run(s), 2 hit(s), 0 error(s), 1 left on base; Lansing 1 - Mile High 2 |
BOTTOM OF THE 6TH |
Mile High Broncos batting - Pitching for Lansing Lugnuts : RHP Ralph Willaims
|
Batting: LHB Tony Báez
|
0-0: Foul Ball, location: 2F 0-1: Ball 1-1: Ball 2-1: Ground out 4-3 (Groundball, 4)
|
Batting: RHB António Martínez
|
0-0: Swinging Strike 0-1: Ball 1-1: Swinging Strike 1-2: Strikes out swinging
|
Batting: RHB David Moran
|
0-0: Ball 1-0: Foul Ball, location: 2F 1-1: Foul Ball, location: 2F 1-2: Ball 2-2: Ball 3-2: Base on Balls
|
Batting: RHB Bo Vickers
|
0-0: Fielders Choice at 2nd, 6-4 (Groundball, 6MS)
|
Bottom of the 6th over - 0 run(s), 0 hit(s), 0 error(s), 0 left on base; Lansing 1 - Mile High 2 |
TOP OF THE 7TH |
Lansing Lugnuts batting - Pitching for Mile High Broncos : RHP Fernand Picard
|
Batting: RHB Billy Campbell
|
0-0: Called Strike 0-1: Called Strike 0-2: Fly out, F8 (Popup, 8LS)
|
Batting: LHB Sam Barnes
|
0-0: Called Strike 0-1: Ball 1-1: Foul Ball, location: 2F 1-2: Strikes out swinging
|
Batting: RHB Kun Liu
|
0-0: Called Strike 0-1: Ball 1-1: Ground out 5-3 (Groundball, 5)
|
Top of the 7th over - 0 run(s), 0 hit(s), 0 error(s), 0 left on base; Lansing 1 - Mile High 2 |
BOTTOM OF THE 7TH |
Mile High Broncos batting - Pitching for Lansing Lugnuts : RHP Ralph Willaims
|
Batting: RHB Su-kweon Yu
|
0-0: Ball 1-0: Swinging Strike 1-1: Ball 2-1: Swinging Strike 2-2: Ball 3-2: Strikes out swinging
|
Batting: LHB Pat Weaver
|
0-0: Called Strike 0-1: Ground out 4-3 (Groundball, 34)
|
Batting: RHB Francisco Medina
|
0-0: Called Strike 0-1: Ball 1-1: Swinging Strike 1-2: Ball 2-2: Strikes out swinging
|
Bottom of the 7th over - 0 run(s), 0 hit(s), 0 error(s), 0 left on base; Lansing 1 - Mile High 2 |
TOP OF THE 8TH |
Lansing Lugnuts batting - Pitching for Mile High Broncos : RHP Fernand Picard
|
Pitching: LHP Jorge García
|
|
Now in LF: Geoff Bradley
|
|
Now in CF: José Darias
|
|
Batting: RHB Sadao Kimura
|
0-0: Ball 1-0: Called Strike 1-1: SOLO HOME RUN (Flyball, 7D), Distance : 359 ft
|
Batting: RHB Steve Garneys
|
0-0: Ball 1-0: Called Strike 1-1: Ball 2-1: Ball 3-1: Called Strike 3-2: Base on Balls
|
Batting: LHB Alberto Medine
|
0-0: Reached on error, E2 (Groundball, 2L) Steve Garneys to third
|
Batting: RHB David Murray
|
0-0: Swinging Strike 0-1: Ball 1-1: Fly out, F1 (Line Drive, 13)
|
Batting: RHB Wilson Gómez
|
0-0: Intentional Walk
|
Batting: LHB Tom Mullins
|
0-0: Fly out, F8 (Flyball, 8RM) Runner from 3rd tags up, SCORES, no throw
|
Batting: RHB Billy Campbell
|
0-0: Ball 1-0: Ball 2-0: Foul Ball, location: 2F 2-1: Ball 3-1: Fly out, F5 (Line Drive, 5S)
|
Top of the 8th over - 2 run(s), 1 hit(s), 1 error(s), 2 left on base; Lansing 3 - Mile High 2 |
BOTTOM OF THE 8TH |
Mile High Broncos batting - Pitching for Lansing Lugnuts : RHP Ralph Willaims
|
Batting: SHB Tom Stevens
|
0-0: Ball 1-0: Ground out 5-3 (Groundball, 5L)
|
Batting: SHB Paco Martínez
|
0-0: Ball 1-0: Ball 2-0: DOUBLE (Groundball, 5L)
|
Pitching: RHP Dae-hee Ch'oe
|
|
Batting: LHB Tony Báez
|
0-0: Ball 1-0: DOUBLE (Line Drive, 78M) Paco Martínez scores
|
Batting: RHB António Martínez
|
0-0: Ball 1-0: Ball 2-0: Ball 3-0: Called Strike 3-1: Foul Ball, location: 2F 3-2: Strikes out swinging
|
Batting: RHB David Moran
|
0-0: Ball 1-0: Ball 2-0: Foul Ball, location: 2F 2-1: Swinging Strike 2-2: Strikes out swinging
|
Bottom of the 8th over - 1 run(s), 2 hit(s), 0 error(s), 1 left on base; Lansing 3 - Mile High 3 |
TOP OF THE 9TH |
Lansing Lugnuts batting - Pitching for Mile High Broncos : LHP Jorge García
|
Pitching: RHP Tony Marrero
|
|
Batting: LHB Sam Barnes
|
0-0: Fly out, F5 (Line Drive, 56)
|
Batting: RHB Kun Liu
|
0-0: Ball 1-0: SINGLE (Line Drive, 89S)
|
Batting: RHB Sadao Kimura
|
0-0: Ball 1-0: Called Strike 1-1: Ball 2-1: Ball 3-1: Foul Ball, location: 2F 3-2: Foul Ball, location: 2F 3-2: Ground out 5-3 (Groundball, 56) Kun Liu to second
|
Batting: RHB Steve Garneys
|
0-0: Called Strike 0-1: Swinging Strike 0-2: Foul Ball, location: 2F 0-2: Ball 1-2: Foul Ball, location: 2F 1-2: Strikes out swinging
|
Top of the 9th over - 0 run(s), 1 hit(s), 0 error(s), 1 left on base; Lansing 3 - Mile High 3 |
BOTTOM OF THE 9TH |
Mile High Broncos batting - Pitching for Lansing Lugnuts : RHP Dae-hee Ch'oe
|
Pinch Hitting: SHB Keith Shaffer
|
0-0: Ball 1-0: Ball 2-0: Swinging Strike 2-1: Foul Ball, location: 2F 2-2: Ground out 6-3 (Groundball, 6M)
|
Batting: LHB Geoff Bradley
|
0-0: Ground out U3 (Groundball, 3)
|
Batting: RHB José Darias
|
0-0: Ball 1-0: Swinging Strike 1-1: Called Strike 1-2: Ball 2-2: Strikes out looking
|
Bottom of the 9th over - 0 run(s), 0 hit(s), 0 error(s), 0 left on base; Lansing 3 - Mile High 3 |
TOP OF THE 10TH |
Lansing Lugnuts batting - Pitching for Mile High Broncos : RHP Tony Marrero
|
Now at 2B: Keith Shaffer
|
|
Batting: LHB Alberto Medine
|
0-0: Ground out U3 (Groundball, 3L)
|
Batting: RHB David Murray
|
0-0: Called Strike 0-1: Called Strike 0-2: Foul Ball, location: 2F 0-2: Ball 1-2: Fly out, F8 (Flyball, 8LM)
|
Batting: RHB Wilson Gómez
|
0-0: Ground out 6-3 (Groundball, 6)
|
Top of the 10th over - 0 run(s), 0 hit(s), 0 error(s), 0 left on base; Lansing 3 - Mile High 3 |
BOTTOM OF THE 10TH |
Mile High Broncos batting - Pitching for Lansing Lugnuts : RHP Dae-hee Ch'oe
|
Batting: RHB Francisco Medina
|
0-0: Called Strike 0-1: Ball 1-1: Ground out 6-3 (Groundball, 6)
|
Batting: SHB Tom Stevens
|
0-0: Called Strike 0-1: Ground out 5-3 (Groundball, 56)
|
Batting: SHB Paco Martínez
|
0-0: Called Strike 0-1: Ball 1-1: Called Strike 1-2: Foul Ball, location: 2F 1-2: Strikes out swinging
|
Bottom of the 10th over - 0 run(s), 0 hit(s), 0 error(s), 0 left on base; Lansing 3 - Mile High 3 |
TOP OF THE 11TH |
Lansing Lugnuts batting - Pitching for Mile High Broncos : RHP Tony Marrero
|
Pitching: RHP David Bailey
|
|
Batting: LHB Tom Mullins
|
0-0: Ball 1-0: Ball 2-0: Called Strike 2-1: Called Strike 2-2: Foul Ball, location: 2F 2-2: Ball 3-2: SINGLE (Line Drive, 56D)
|
Batting: RHB Billy Campbell
|
0-0: Ball 1-0: Foul Ball, location: 2F 1-1: Fly out, F9 (Flyball, 9D)
|
Batting: LHB Sam Barnes
|
0-0: Ball 1-0: Fielders Choice at 2nd, 4-6 (Groundball, 34)
|
Batting: RHB Kun Liu
|
0-0: Ball 1-0: Ball 2-0: Called Strike 2-1: Called Strike 2-2: Ball 3-2: Strikes out swinging
|
Top of the 11th over - 0 run(s), 1 hit(s), 0 error(s), 1 left on base; Lansing 3 - Mile High 3 |
BOTTOM OF THE 11TH |
Mile High Broncos batting - Pitching for Lansing Lugnuts : RHP Dae-hee Ch'oe
|
Batting: LHB Tony Báez
|
0-0: Swinging Strike 0-1: Ball 1-1: Ball 2-1: Ground out 4-3 (Groundball, 4)
|
Batting: RHB António Martínez
|
0-0: Foul Ball, location: 2F 0-1: Foul Ball, location: 2F 0-2: SINGLE (Groundball, 3D)
|
Pitching: RHP Asher Zasko
|
|
Batting: RHB David Moran
|
0-0: Ball 1-0: Ball 2-0: Called Strike 2-1: Grounds into double play, 6-4-3 (Groundball, 6)
|
Bottom of the 11th over - 0 run(s), 1 hit(s), 0 error(s), 0 left on base; Lansing 3 - Mile High 3 |
TOP OF THE 12TH |
Lansing Lugnuts batting - Pitching for Mile High Broncos : RHP David Bailey
|
Batting: RHB Sadao Kimura
|
0-0: Called Strike 0-1: Foul Ball, location: 2F 0-2: Ground out 1-3 (Groundball, 23)
|
Batting: RHB Steve Garneys
|
0-0: Called Strike 0-1: Ground out 5-3 (Groundball, 5S)
|
Batting: LHB Alberto Medine
|
0-0: Ball 1-0: Ball 2-0: Foul Ball, location: 2F 2-1: Fly out, F7 (Flyball, 78M)
|
Top of the 12th over - 0 run(s), 0 hit(s), 0 error(s), 0 left on base; Lansing 3 - Mile High 3 |
BOTTOM OF THE 12TH |
Mile High Broncos batting - Pitching for Lansing Lugnuts : RHP Asher Zasko
|
Batting: SHB Keith Shaffer
|
0-0: Ball 1-0: Ball 2-0: Ball 3-0: Called Strike 3-1: Base on Balls
|
Batting: LHB Geoff Bradley
|
0-0: Sac Bunt - play at first, batter OUT! 6-4 Keith Shaffer to second
|
Batting: RHB José Darias
|
0-0: Fly out, F4 (Popup, 4MD)
|
Batting: RHB Francisco Medina
|
0-0: Ball 1-0: Ball 2-0: Called Strike 2-1: Fly out, F6 (Popup, 6M)
|
Bottom of the 12th over - 0 run(s), 0 hit(s), 0 error(s), 1 left on base; Lansing 3 - Mile High 3 |
TOP OF THE 13TH |
Lansing Lugnuts batting - Pitching for Mile High Broncos : RHP David Bailey
|
Batting: RHB David Murray
|
0-0: Ball 1-0: Foul Ball, location: 2F 1-1: TRIPLE (Line Drive, 3L)
|
Batting: RHB Wilson Gómez
|
0-0: Swinging Strike 0-1: Foul Ball, location: 2F 0-2: DOUBLE (Line Drive, 8RM) David Murray scores
|
Batting: LHB Tom Mullins
|
0-0: Intentional Walk
|
Batting: RHB Billy Campbell
|
0-0: Grounds into double play, 5-4-3 (Groundball, 5) Wilson Gómez to third
|
Batting: LHB Sam Barnes
|
0-0: Ball 1-0: Called Strike 1-1: Called Strike 1-2: Ball 2-2: Ball 3-2: Foul Ball, location: 2F 3-2: Base on Balls
|
Batting: RHB Kun Liu
|
0-0: Ball 1-0: Fly out, F8 (Flyball, 8LM)
|
Top of the 13th over - 1 run(s), 2 hit(s), 0 error(s), 2 left on base; Lansing 4 - Mile High 3 |
BOTTOM OF THE 13TH |
Mile High Broncos batting - Pitching for Lansing Lugnuts : RHP Asher Zasko
|
Batting: SHB Tom Stevens
|
0-0: Ball 1-0: SINGLE (Groundball, 6MD)
|
Batting: SHB Paco Martínez
|
Balk! Tom Stevens to second 0-0: Ball 1-0: Called Strike 1-1: SINGLE (Groundball, 56D) Tom Stevens to third
|
Batting: LHB Tony Báez
|
0-0: Ball 1-0: Ball 2-0: Foul Ball, location: 2F 2-1: Fly out, F5 (Popup, 56)
|
Batting: RHB António Martínez
|
0-0: Called Strike 0-1: Ball 1-1: Called Strike 1-2: Strikes out swinging
|
Batting: RHB David Moran
|
0-0: TRIPLE (Flyball, 8RXD) Tom Stevens scores Paco Martínez scores
|
Monday, December 5th, 2016 - OOTP Baseball 17.12 Build 75
|
|